 Dungeon Crawl Stone Soup version 0.28-a0-519-gbfeecf2fc5 (webtiles) character file.

Game seed: 773721518968196252

4015 speeev33 the Protected (level 10, -2/67 HPs)
             Began as a Gargoyle Fighter on Sept 23, 2021.
             Was a Priest of Okawaru.
             Slain by a freezing wraith (10 damage)
             ... on level 8 of the Dungeon.
             The game lasted 00:11:51 (9430 turns).

speeev33 the Protected (Gargoyle Fighter)           Turns: 9430, Time: 00:11:52

Health: -2/67      AC: 19    Str: 22    XL:     10   Next: 23%
Magic:  10/10      EV: 10    Int: 10    God:    Okawaru [***...]
Gold:   497        SH:  5    Dex: 15    Spells: 9/9 levels left

rFire   . . .      SeeInvis .   a - +1 flail (venom)
rCold   + . .      Faith    .   c - +0 buckler
rNeg    + . .      Spirit   .   l - +4 ring mail {rC+}
rPois   ∞          Reflect  .   (no helmet)
rElec   +          Harm     .   (no cloak)
rCorr   .          Rampage  .   v - +0 pair of gloves
Will    .....                   (no boots)
Stlth   +.........              (no amulet)
HPRegen 0.21/turn               h - +6 ring of dexterity
MPRegen 0.12/turn               (no ring)

@: slowed, very slow
A: sickness immunity, AC +7, negative energy resistance 1, electricity
resistance, torment resistance 1, petrification resistance
a: Renounce Religion, Heroism


You were on level 8 of the Dungeon.
You worshipped Okawaru.
Okawaru was most pleased with you.
You visited 2 branches of the dungeon, and saw 9 of its levels.
You also visited: Ossuary.

You collected 497 gold pieces.

Inventory:

Hand Weapons
 a - a +1 flail of venom (weapon)
Armour
 c - a +0 buckler (worn)
 l - a +4 ring mail of cold resistance (worn)
 v - a +0 pair of gloves (worn)
Jewellery
 h - a +6 ring of dexterity (left hand)
Wands
 d - a wand of flame (12)
Scrolls
 b - a scroll of fear {unknown}
 j - 3 scrolls of teleportation
 m - a scroll of brand weapon
 t - a scroll of enchant armour
 u - a scroll of magic mapping
Potions
 e - a potion of degeneration
 f - 2 potions of berserk rage
 g - 3 potions of brilliance
 i - a potion of magic
 k - 4 potions of heal wounds {unknown}
 n - 4 potions of curing {unknown}
 o - a potion of resistance {unknown}
 p - 3 potions of mutation {unknown}
 q - 3 potions of invisibility {unknown}
 r - a potion of lignification {unknown}
 s - 2 potions of haste {unknown}
 w - a potion of attraction {unknown}
 x - 2 potions of flight {unknown}


   Skills:
 + Level 9.7 Fighting
 + Level 8.6 Maces & Flails
 + Level 9.7 Armour
 - Level 4.0 Shields


You had 9 spell levels left.
You didn't know any spells.
Your spell library contained the following spells:

 Spells                   Type           Power      Damage    Failure   Level
 Slow                     Hex            0%         N/A       63%         2
 Confusing Touch          Hex            0%         N/A       86%         3
 Gell's Gravitas          Tloc           0%         N/A       86%         3
 Teleport Other           Tloc           0%         N/A       86%         3
 Yara's Violent Unravell  Hex/Tmut       0%         3d3       100%        5
 Dispersal                Tloc           0%         N/A       100%        6


Dungeon Overview and Level Annotations

Branches:
Dungeon (8/15)             Temple (1/1) D:5         Ossuary (visited)
   Lair: D:8-11

Altars:
Ashenzari
Cheibriados
Dithmenos
Elyvilon
Fedhas
Gozag
Hepliaklqana
Kikubaaqudgha
Okawaru
Qazlal
Ru
Sif Muna
Trog
Vehumet
Wu Jian
Xom
Yredelemnul
The Shining One

Shops:
D:6 !*

Annotations:
D:6 1 runed translucent door, robertstho's ghost, novice DrBe


Innate Abilities, Weirdness & Mutations

You are immune to sickness and miasma.
Your stone body is resilient. (AC +7)
You are immune to poison.
You resist negative energy. (rN+)
You are resistant to electric shocks. (rElec)
You are resistant to unholy torment.
You are immune to petrification.


Message History

The freezing wraith is lightly damaged.
The freezing wraith hits you but does no damage.
You block the freezing wraith's attack.
You hit the freezing wraith.
The freezing wraith is moderately damaged.
The freezing wraith hits you but does no damage.
The freezing wraith barely misses you.
You hit the freezing wraith.
The freezing wraith is moderately damaged.
The freezing wraith hits you but does no damage.
The freezing wraith closely misses you.
You hit the freezing wraith.
The freezing wraith is moderately damaged.
The freezing wraith barely misses you. The freezing wraith hits you.
The freezing wraith drains your vigour!
You feel yourself slow down.
You thump the freezing wraith!
The freezing wraith is severely damaged.
The freezing wraith hits you but does no damage.
The freezing wraith hits you!
The freezing wraith hits you but does no damage.
The freezing wraith hits you.
You hit the freezing wraith but do no damage.
The freezing wraith is severely damaged.
The freezing wraith hits you but does no damage.
You block the freezing wraith's attack.
You hit the freezing wraith but do no damage.
The freezing wraith is severely damaged.
The freezing wraith hits you! The freezing wraith freezes you! You resist.
* * * LOW HITPOINT WARNING * * *
The freezing wraith closely misses you.
You hit the freezing wraith but do no damage.
The freezing wraith is severely damaged.
You block the freezing wraith's attack. The freezing wraith hits you.
* * * LOW HITPOINT WARNING * * *
The freezing wraith drains your vigour!
You feel as though you will be slow longer.
The freezing wraith hits you!
* * * LOW HITPOINT WARNING * * *
The freezing wraith freezes you! You resist.
You die...

## ### ### ###
#8###8###8###8###8#####
...:....W@.)....'.....+
8###8#'#8###8###8#.###
#.### #######'# ...
#(##)# ..... +$##.#
y..o..R #(##.####
.......☼. +)##....#
....W⌠..... #$##..8.#
............. +(##....#


You could see a freezing wraith.

Vanquished Creatures
  A centaur warrior (D:8)
  An efreet (D:8)
  2 water moccasins
  2 ice beasts
  An orc warrior (D:6)
  6 sky beasts
  4 ogres
  A centaur (D:7)
  A bullfrog (D:8)
  7 killer bees
  11 wights
  A howler monkey (D:6)
  3 orc priests
  A bullfrog zombie (D:6)
  A centaur skeleton (D:6)
  3 hounds
  A jelly (D:6)
  6 iguanas
  2 orc wizards
  A scorpion zombie (D:5)
  A hound skeleton (D:5)
  8 mummies (Ossuary)
  4 gnolls
  8 adders
  A shadow imp (D:7)
  2 white imps
  An adder skeleton (D:4)
  2 dart slugs
  23 orcs
  6 endoplasms
  3 giant cockroaches
  A gnoll zombie (Ossuary)
  5 goblins
  4 hobgoblins
  5 kobolds
  2 quokkas
  9 ball pythons
  8 bats
  4 frilled lizards
  A hobgoblin zombie (Ossuary)
  2 kobold zombies (Ossuary)
  4 orc zombies (Ossuary)
  6 rats
166 creatures vanquished.

Vanquished Creatures (others)
  A bullfrog (D:8)
  A howler monkey zombie (D:8)
  9 plants (D:8)
11 creatures vanquished.

Grand Total: 177 creatures vanquished

Notes
Turn   | Place    | Note
-------+----------+-------------------------------------------
     0 | D:1      | speeev33 the Gargoyle Fighter began the quest for the Orb.
     0 | D:1      | Reached XP level 1. HP: 14/14 MP: 1/1
   317 | D:1      | Reached XP level 2. HP: 18/19 MP: 2/2
   558 | D:1      | Found a faded altar of an unknown god.
   558 | D:1      | Noticed a golden eye
   603 | D:1      | Noticed a golden eye
   608 | D:1      | Noticed a great orb of eyes
   611 | D:1      | Noticed a floating eye
  1398 | D:2      | Reached XP level 3. HP: 23/23 MP: 3/3
  1780 | D:2      | Reached XP level 4. HP: 22/29 MP: 4/4
  2619 | D:3      | Noticed a sky beast
  2636 | D:3      | Killed a sky beast
  2637 | D:3      | Reached XP level 5. HP: 24/34 MP: 5/5
  3646 | D:4      | Reached XP level 6. HP: 37/39 MP: 6/6
  3863 | D:4      | Reached skill level 5 in Fighting
  3863 | D:4      | Reached skill level 5 in Armour
  3880 | D:4      | Reached XP level 7. HP: 10/44 MP: 7/7
  4773 | D:5      | Entered Level 5 of the Dungeon
  4854 | D:5      | Reached skill level 5 in Maces & Flails
  5056 | D:5      | Reached XP level 8. HP: 27/51 MP: 8/8
  5378 | D:5      | Found a staircase to the Ecumenical Temple.
  5419 | Temple   | Entered the Ecumenical Temple
  5473 | Temple   | Became a worshipper of Warmaster Okawaru
  5977 | D:6      | Noticed a +0 hand axe of chaos
  5977 | D:6      | Noticed robertstho's ghost (novice DrBe)
  5977 | D:6      | Found a runed translucent door.
  5977 | D:6      | Found a shimmering altar of Xom.
  6280 | D:6      | Found Ropagh's Assorted Antiques.
  6481 | D:6      | Found Akaz's Distillery.
  6594 | D:6      | Found a sand-covered staircase.
  6603 | Ossuary  | Entered an ossuary
  7458 | D:6      | Reached XP level 9. HP: 52/57 MP: 9/9
  7463 | D:6      | Reached * piety under Okawaru
  8344 | D:7      | Reached ** piety under Okawaru
  9381 | D:8      | Noticed a centaur warrior
  9381 | D:8      | Noticed an efreet
  9391 | D:8      | Killed a centaur warrior
  9391 | D:8      | Reached *** piety under Okawaru
  9392 | D:8      | Reached XP level 10. HP: 60/66 MP: 7/10
  9430 | D:8      | Slain by a freezing wraith

Illustrated notes

Levels and vault maps discovered:
D:1:      amcnicky_arrival_gap_in_the_tavern_cellar, layout_basic,
          hellmonk_ecumenical_altar_watching_god, minmay_tromino_v2
D:2:      layout_basic, grunt_decor_cap, chequers_serial_rivers_micro_a,
          kennysheep_generic_room_14
D:3:      minmay_octagon_keep, layout_loops_ring, minmay_tree_intersection,
          kennysheep_crisscross
D:4:      layout_gridville
D:5:      layout_basic, minmay_temple_entry_nine_rooms, nrook_campfire
D:6:      layout_basic, serial_shops, shop, shop_statue,
          chequers_ossuary_entry_cave, ebering_ghost_xom,
          minmay_misc_feat_square
D:7:      layout_basic, minmay_misc_feat_diagonals
D:8:      wad_statue_garden, layout_rooms, lemuel_crystal_altar, uniq_psyche,
          uniq_grum
Temple:   compressed_dpeg_triangle_lava_temple

Skill      XL: |  1  2  3  4  5  6  7  8  9 |
---------------+----------------------------+-----
Fighting       | 4 5 6 7 9 |  9.7
Maces & Flails | 3 4 5 6 8 |  8.6
Armour         | 4 5 6 7 9 |  9.7
Shields        | 4 |  4.0

Action                   |  1- 3 |  4- 6 |  7- 9 | 10-12 || total
-------------------------+-------+-------+-------+-------++-------
Melee: Flail             |    97 |   161 |   389 |    19 ||   666
Invok: Heroism           |       |       |     1 |       ||     1
  Use: Scroll            |     3 |     3 |    11 |       ||    17
       Potion            |       |     1 |     1 |       ||     2
Armor: Scale mail        |    78 |    55 |       |       ||   133
       Ring mail         |       |    49 |   152 |     7 ||   208
Dodge: Dodged            |    43 |   109 |   146 |    11 ||   309
Block: Buckler           |    20 |    57 |    80 |     6 ||   163

Table legend: (Time is in decaauts)
 A = Elapsed time spent in this place.
 B = Non-inter-level travel time spent in this place.
 C = Inter-level travel time spent in this place.
 D = Time resting spent in this place.
 E = Time spent auto-exploring this place.
 F = Levels seen in this place.
 G = Mean time per level.
                   A        B        C        D        E       F      G
               +--------+--------+--------+--------+--------+-----+--------+
         Total |   9522 |   9380 |    142 |   2479 |   4848 |  10 |  952.2 |
       Dungeon |   8744 |   8602 |    142 |   2011 |   4785 |   8 | 1093.0 |
        Temple |     69 |     69 |      0 |      0 |     39 |   1 |   69.0 |
       Ossuary |    708 |    708 |      0 |    468 |     24 |   1 |  708.0 |
               +--------+--------+--------+--------+--------+-----+--------+

Top non-repeatable levels by time:
     D:1: 1409 daAuts
     D:6: 1223 daAuts
     D:2: 1216 daAuts
     D:4: 1143 daAuts
     D:5: 1139 daAuts
     D:7: 1111 daAuts
     D:3: 1073 daAuts
 Ossuary: 708 daAuts
     D:8: 426 daAuts
  Temple: 69 daAuts
